 Seeded DCSS version 0.29.1-12-g30fa7ad0bf (webtiles) character file.

Game seed: 9845822215292249863 (custom seed)

2 OTABOTABOTAB the Insei (level 1, -2/13 HPs)
             Began as an Octopode Transmuter on Jan 10, 2023.
             Slain by a gnoll
             ... wielding a +0 club
              (7 damage)
             ... on level 1 of the Dungeon.
             The game lasted 00:00:16 (36 turns).

OTABOTABOTAB the Insei (Octopode Transmuter)          Turns: 36, Time: 00:00:17

Health: -2/13      AC:  1    Str:  9    XL:     1   Next: 30%
Magic:  1/3        EV: 13    Int: 15    God:
Gold:   0          SH:  0    Dex: 12    Spells: 3/4 levels left

rFire   . . .      SeeInvis .     - Unarmed
rCold   . . .      Faith    .   (no shield)
rNeg    . . .      Spirit   .   (helmet currently unavailable)
rPois   .          Reflect  .   (no amulet)
rElec   .          Harm     .   (no ring)
rCorr   .          Rampage  .   (no ring)
Will    .....                   (no ring)
Stlth   ++........              (no ring)
HPRegen 0.04/turn               (no ring)
MPRegen 0.08/turn               (no ring)
                                (no ring)
                                (no ring)

@: appendages, very slightly contaminated
A: tentacle spike 3, almost no armour, amphibious, 8 rings, camouflage 1,
gelatinous body 1, (nimble swimmer 1), tentacles
a: End Transformation


You were on level 1 of the Dungeon.
One of your tentacles had grown a beastly spike.
You visited 1 branch of the dungeon, and saw 1 of its levels.

Inventory:

Scrolls
 a - a scroll of teleportation {unknown}
 b - a scroll of identify {unknown}
Potions
 P - a potion of lignification {!q}


   Skills:
 + Level 1.1 Fighting
 - Level 2.0 Dodging
 + Level 3.0 Unarmed Combat
 - Level 2.0 Spellcasting
 + Level 2.0 Transmutations


You had 3 spell levels left.
You knew the following spells:

 Your Spells              Type           Power      Damage    Failure   Level
a - Beastly Appendage     Tmut           14%        N/A       10%         1

Your spell library contained the following spells:

 Spells                   Type           Power      Damage    Failure   Level
 Wereblood                Tmut           7%         N/A       14%         2
 Spider Form              Tmut/Pois      4%         N/A       41%         3
 Ice Form                 Ice/Tmut       4%         N/A       82%         4


Dungeon Overview and Level Annotations

Branches:
Dungeon (1/15)

Altars:


Innate Abilities, Weirdness & Mutations

One of your tentacles has grown a beastly spike.
You cannot wear most types of armour.
You are amphibious.
You can wear up to eight rings at the same time.
Your skin changes colour to match your surroundings (Stealth+).
Your rubbery body absorbs attacks. (AC +1, EV +1)
((You are camouflaged when in or above water. (Stealth+)))
You have tentacles for arms and can constrict up to eight enemies at once.


Message History

Bad channel name for runrest: 'Jiyva says: Divide and consume' Welcome, OTABOTABOTAB the Octopode Transmuter.
Game seed: 9845822215292249863 (custom seed)
Found three items.
Found a staircase leading out of the dungeon.
a - a scroll labelled ELIAKK XIAPU
b - a scroll labelled OTEOLOMATOH A bat comes into view.
A bat is nearby!
The bat barely misses you.
You tentacle-slap the bat. Your grab misses the bat. The bat hits you.
The bat closely misses you.
You take 1 damage, and have 12/13 hp.
You closely miss the bat. Your grab misses the bat. The bat barely misses you.
You tentacle-slap the bat.
You kill the bat!
A goblin and a gnoll come into view.
The goblin shouts!
A bat comes into view.
Health restored: 13
There are monsters nearby!
You tentacle-slap the goblin. Your grab misses the goblin.
The goblin hits you with a +0 dagger.
You take 1 damage, and have 12/13 hp.
You tentacle-slap the goblin.
You kill the goblin!
The bat barely misses you. x2
Unknown command.
You barely miss the bat. Your grab misses the bat.
The bat hits you but does no damage. The bat barely misses you.
You miscast Beastly Appendage.
You are very lightly contaminated with residual magic.
Nothing appears to happen.
The bat hits you but does no damage.
You now have 2/3 mp.
One of your tentacles grows a vicious spike.
The bat closely misses you. The gnoll closely misses you.
The bat barely misses you.
You now have 1/3 mp.
You barely miss the gnoll. You grab the gnoll.
You pierce the gnoll.
You constrict the gnoll, but do no damage.
The bat hits you. The gnoll hits you with a +0 club.
You take 6 damage, and have 6/13 hp.
MASSIVE DAMAGE!!
You tentacle-slap the gnoll.
You pierce the gnoll.
You constrict the gnoll, but do no damage.
The bat hits you. The gnoll hits you with a +0 club!
Ouch! That really hurt!
You die...

## #.#.# .# .
..#.# #. #.#...#..
.#.#.#. ..... .#
#.#.##.###
##g#)...... .
##..@.b..# ...
#..####### #.##
##....#
######..####†.##.#
.................#
~P...P≈≈~≈~~~≈P..#
≈~...~≈≈~~~~≈~~..#
≈~...~~≈~~~~≈≈~..#
~.....~~~~~≈~~P..#


You could see a gnoll and a bat.

Vanquished Creatures
  A goblin (D:1)
  A bat (D:1)
2 creatures vanquished.

Notes
Turn   | Place    | Note
-------+----------+-------------------------------------------
     0 | D:1      | OTABOTABOTAB the Octopode Transmuter began the quest for
                  | the Orb.
     0 | D:1      | Reached XP level 1. HP: 13/13 MP: 3/3
    36 | D:1      | Slain by a gnoll

Illustrated notes

Levels and vault maps discovered:
D:1:      giann_bridges, layout_basic

Action                   || total
-------------------------++-------
Melee: Unarmed           ||     8
       Kick              ||     2
       Constrict         ||     1
 Cast: Beastly Appendage ||     1
Armor: Skin              ||     2
Dodge: Dodged            ||     9

Table legend: (Time is in decaauts)
 A = Elapsed time spent in this place.
 B = Non-inter-level travel time spent in this place.
 C = Inter-level travel time spent in this place.
 D = Time resting spent in this place.
 E = Time spent auto-exploring this place.
 F = Levels seen in this place.
 G = Mean time per level.
                   A        B        C        D        E       F      G
               +--------+--------+--------+--------+--------+-----+--------+
         Total |     35 |     35 |      0 |      0 |     20 |   1 |   35.0 |
       Dungeon |     35 |     35 |      0 |      0 |     20 |   1 |   35.0 |
               +--------+--------+--------+--------+--------+-----+--------+

Top non-repeatable levels by time:
     D:1: 35 daAuts

Table legend:
 A = Kills in this place as a percentage of kills in entire the game.
 B = Kills by you in this place as a percentage of kills by you in the entire game.
 C = Kills by friends in this place as a percentage of kills by friends in the entire game.
 D = Other kills in this place as a percentage of other kills in the entire game.
 E = Experience gained in this place as a percentage of experience gained in the entire game.
 F = Experience gained in this place divided by the number of levels of this place that you have seen.
                   A       B       C       D       E      F
               +-------+-------+-------+-------+-------+----------------------
         Total | 100.0 | 100.0 |   N/A |   N/A | 100.0 |   3.0
       Dungeon | 100.0 | 100.0 |   N/A |   N/A | 100.0 |   3.0
               +-------+-------+-------+-------+-------+----------------------
